Map: Oxide LE

Players

Denver

  • Race: Zerg Zerg
  • League: Grandmaster
  • Spawn Location: 7:00

Reynor - Winner!

  • Race: Zerg Zerg
  • League: Master
  • Spawn Location: 1:00

Event: DreamHack SC2 Masters 2020 Winter

VOD

Have the link to the VOD?

Description

Time

  • Played on: Nov. 1, 2020, 10:12 a.m.
  • Length: 6:46

All games in this series

Show
View Real Time Build Order
Export as new Build Order

Denver Zerg 

Build Orders: Hatch First 

Get SALT Encoding   

  12  0:00  Drone  
  13  0:12  Overlord  
  13  0:17  Drone  
  14  0:31  Drone  
  14  0:32  Drone  
  16  0:47  Hatchery  
  15  0:51  Drone  
  15  0:56  Drone  
  17  0:58  Drone  
  18  1:09  Extractor  
  17  1:13  Spawning Pool  
  17  1:17  Drone  
  17  1:20  Drone  
  18  1:28  Drone  
  19  1:39  Drone  
  20  1:50  Drone  
  21  2:00  Overlord  
  21  2:01  Queen x2  
  23  2:03  Zergling x2  
  26  2:09  Metabolic Boost  
  26  2:11  Drone  
  26  2:12  Drone  
  28  2:21  Drone  
  28  2:22  Drone  
  30  2:35  Hatchery, Zergling x2  
  30  2:41  Drone  
  30  2:42  Drone  
  33  2:44  Drone  
  33  2:52  Overlord  
  33  2:57  Drone  
  33  2:58  Queen  
  35  3:07  Overlord  
  35  3:11  Drone x3  
  35  3:12  Drone x2  
  40  3:19  Overlord  
  40  3:20  Evolution Chamber  
  40  3:22  Drone  
  40  3:24  Drone  
  41  3:31  Roach Warren  
  41  3:32  Drone  
  41  3:38  Drone x2  
  43  3:44  Drone x4  
  43  3:47  Zerg Missile Weapons Level 1  
  47  3:55  Zergling x6  
  49  3:57  Queen  
  49  3:59  Zergling x2  
  52  4:05  Overlord  
  52  4:08  Zergling x8  
  56  4:13  Zergling x4  
  58  4:17  Queen  
  58  4:19  Roach  
  58  4:21  Overlord  
  58  4:24  Zergling x4  
  64  4:27  Zergling x2  
  64  4:28  Zergling x2  
  66  4:37  Overlord  
  62  4:40  Extractor, Roach  
  62  4:41  Roach x3  
  62  4:45  Drone x3  
  69  4:47  Overlord  
  69  4:50  Roach  
  69  4:52  Roach  
  74  4:57  Roach x2  
  78  5:03  Overlord  
  78  5:05  Zergling x6  
  80  5:14  Roach x4  
  87  5:22  Zergling x12  
  87  5:25  Ravager  
  94  5:29  Zergling x2  
  94  5:30  Zergling x6  
  98  5:42  Zergling x8  
  101  5:47  Ravager x2  
  101  5:49  Overlord x2  
  100  5:55  Zergling x12  
  106  5:57  Overlord  
  106  5:59  Overlord  
  104  6:08  Zergling x14  
  104  6:11  Zergling x2  
  91  6:20  Zergling x2  
  91  6:21  Zergling x8  
  91  6:25  Ravager x2  
  94  6:27  Zergling x8  
Show
View Real Time Build Order
Export as new Build Order

Reynor Zerg - Winner!

Build Orders: Hatch First 

Get SALT Encoding   

  12  0:00  Drone  
  13  0:12  Overlord  
  13  0:16  Drone  
  14  0:30  Drone x2  
  16  0:48  Hatchery  
  15  0:51  Drone  
  15  0:54  Drone  
  17  0:58  Drone  
  18  1:08  Extractor  
  17  1:13  Spawning Pool  
  17  1:15  Drone  
  17  1:19  Drone  
  18  1:28  Drone  
  19  1:39  Drone  
  20  1:52  Drone  
  21  2:00  Queen, Overlord  
  21  2:01  Queen, Zergling x2  
  25  2:06  Evolution Chamber  
  25  2:10  Drone  
  25  2:11  Drone  
  27  2:22  Drone x2  
  29  2:32  Drone x2  
  29  2:33  Zerg Ground Armor Level 1  
  31  2:39  Queen  
  33  2:44  Overlord  
  33  2:47  Drone  
  34  2:53  Drone  
  34  2:54  Drone  
  36  3:04  Drone x2  
  38  3:08  Metabolic Boost  
  38  3:11  Drone x2, Overlord  
  40  3:14  Drone x2  
  40  3:16  Zergling x2  
  43  3:22  Drone  
  44  3:27  Overlord  
  44  3:30  Zergling x2  
  44  3:33  Zergling x2  
  46  3:41  Zergling x6  
  49  3:43  Overlord  
  49  3:46  Zergling x2  
  49  3:47  Zergling x4  
  52  3:50  Zergling x2  
  52  3:54  Drone  
  54  3:56  Drone  
  54  4:00  Hatchery  
  54  4:04  Roach Warren  
  54  4:05  Drone  
  54  4:06  Lair  
  54  4:07  Drone  
  55  4:11  Extractor  
  55  4:13  Extractor  
  55  4:14  Drone  
  54  4:17  Drone  
  54  4:19  Drone x2  
  54  4:20  Overlord  
  54  4:22  Zergling x2  
  58  4:26  Zergling x2  
  58  4:27  Zerg Missile Weapons Level 1  
  58  4:28  Drone  
  58  4:29  Zergling x2  
  61  4:33  Zergling x2  
  60  4:38  Zergling x2  
  60  4:42  Drone  
  60  4:48  Drone x3  
  60  4:51  Drone  
  60  4:52  Drone x3  
  67  4:56  Overlord  
  67  5:00  Drone  
  67  5:05  Glial Reconstitution  
  68  5:09  Drone  
  68  5:11  Drone  
  68  5:12  Drone  
  71  5:15  Extractor  
  71  5:17  Roach x3  
  71  5:19  Roach  
  78  5:22  Roach x3  
  78  5:24  Overlord  
  78  5:25  Roach  
  86  5:32  Roach  
  88  5:40  Overlord  
  87  5:44  Roach x2  
  87  5:45  Roach x3  
  87  5:46  Overlord  
  87  5:49  Spine Crawler, Overlord  
  96  5:51  Roach  
  96  5:53  Overlord  
  98  5:58  Spine Crawler  
  98  5:59  Roach x3  
  98  6:00  Roach  
  104  6:04  Roach  
  104  6:05  Roach  
  104  6:07  Roach  
  102  6:11  Roach x2  
  102  6:15  Roach, Zergling x2  
  101  6:20  Roach x2  
  101  6:25  Roach x2  
Tags
 
Add a new tag
Caveats
  • Supply blocks, unpowered buildings, or Contaminate may cause inaccurate times.
  • Supply counts are checked every 10 seconds.